 Dungeon Crawl Stone Soup version 0.26-a0-651-gb41185065b (webtiles) character file.

Game seed: 5459052881777500752

1490 nicanaca0 the Conjurer (level 9, -3/57 HPs)
             Began as a Human Hedge Wizard on Oct 21, 2020.
             Slain by a hornet (12 damage)
             ... on level 7 of the Dungeon on Oct 22, 2020.
             The game lasted 00:20:26 (9209 turns).

nicanaca0 the Conjurer (Human Hedge Wizard)         Turns: 9209, Time: 00:20:28

Health: -3/57      AC:  6    Str: 11    XL:     9   Next: 7%
Magic:  8/16       EV: 12    Int: 24    God:
Gold:   377        SH:  0    Dex: 12    Spells: 10/18 levels left

rFire    + . .     SeeInvis .   a - +2 whip (elec)
rCold    . . .     Faith    .   (no shield)
rNeg     . . .     Spirit   .   t - +0 robe
rPois    .         Reflect  .   c - +1 hat
rElec    .         Harm     .   (no cloak)
rCorr    .         Rampage  .   (no gloves)
MR       .....                  e - +2 pair of boots {Fly}
Stlth    ++........             G - amulet of the acrobat
HPRegen  0.19/turn              y - ring "Fuydenisch" {rC+ Int+6 Slay+2}
MPRegen  0.15/turn              i - ring of fire

@: flying, slowed, very slow
A: no striking features
a: Stop Flying


You were on level 7 of the Dungeon.
You visited 2 branches of the dungeon, and saw 8 of its levels.

You collected 377 gold pieces.

Inventory:

Hand Weapons
 a - a +2 whip of electrocution (weapon)
 b - a +1 whip of freezing
 q - a +0 dagger
 F - a cursed -2 short sword
 H - a cursed -2 dagger
Missiles
 g - 39 poisoned darts (quivered)
 k - 5 javelins
 m - 3 boomerangs
 B - 20 arrows
Armour
 c - a +1 hat (worn)
 e - a +2 pair of boots of flying (worn)
 t - a +0 robe (worn)
 v - a +0 helmet
Jewellery
 i - a ring of fire (right hand)
 y - the ring "Fuydenisch" (left hand) {rC+ Int+6 Slay+2}
   (You found it on level 5 of the Dungeon)

   [ring of intelligence]

   It affects your intelligence (+6).
   It affects your accuracy and damage with ranged weapons and melee attacks
   (+2).
   It protects you from cold.
 G - an amulet of the acrobat (around neck)
Wands
 p - a wand of random effects (10)
 C - a wand of polymorph (13)
Scrolls
 d - a scroll of magic mapping
 h - a scroll of identify
 l - a scroll of fear
 o - 3 scrolls of blinking
 u - a scroll of immolation {unknown}
 x - a scroll of fog
Potions
 f - 4 potions of heal wounds
 j - 3 potions of lignification
 n - a potion of degeneration {unknown}
 r - a potion of brilliance
 s - 5 potions of curing
 w - a potion of resistance
 z - a potion of mutation {unknown}
 D - a potion of invisibility {unknown}
 E - a potion of flight {unknown}


   Skills:
 - Level 2.0 Dodging
 - Level 2.0 Stealth
 + Level 5.2 Spellcasting
 + Level 6.3 Conjurations
   Level 1.0 Summonings
 + Level 2.3 Translocations
 + Level 3.9 Air Magic
 - Level 5.0 Poison Magic


You had 10 spell levels left.
You knew the following spells:

 Your Spells              Type           Power        Failure   Level
a - Magic Dart            Conj           ####         1%          1
b - Mephitic Cloud        Conj/Pois/Air  ####....     3%          3
c - Blink                 Tloc           N/A          4%          2
d - Slow                  Hex            #.......     13%         2

Your spell library contained the following spells:

 Spells                   Type           Power        Failure   Level
 Summon Small Mammal      Summ           ##..         6%          1
 Conjure Flame            Conj/Fire      ####....     7%          3
 Call Imp                 Summ           ##......     9%          2
 Call Canine Familiar     Summ           ##......     17%         3
 Summon Guardian Golem    Hex/Summ       #.......     22%         3
 Summon Lightning Spire   Summ/Air       ###.....     30%         4
 Summon Ice Beast         Ice/Summ       #.......     56%         4


Dungeon Overview and Level Annotations

Branches:
Dungeon (7/15)             Temple (1/1) D:5

Altars:
Ashenzari
Cheibriados
Dithmenos
Elyvilon
Fedhas
Gozag
Hepliaklqana
Kikubaaqudgha
Makhleb
Nemelex Xobeh
Okawaru
Qazlal
Ru
Sif Muna
Trog
Uskayaw
Vehumet
Wu Jian
Xom
Yredelemnul
Zin
The Shining One

Annotations:
D:3 Edmund


Message History

A jackal comes into view.
The centaur shoots an arrow.
The arrow closely misses you.
The jackal bites you but does no damage.
There is a stone staircase leading up here.
The jackal closely misses you. The jackal completely misses you.
The jackal completely misses you. The jackal completely misses you.
There is a stone staircase leading up here.
The jackal bites you but does no damage. x2
You fly upwards.
There is a stone staircase leading down here.
The jackal bites you but does no damage.
You fly downwards.
The centaur shoots an arrow.
The arrow hits you! The hornet stings you!
* * * LOW HITPOINT WARNING * * *
You feel yourself slow down.
The centaur shoots an arrow.
The arrow hits you.
* * * LOW HITPOINT WARNING * * *
The hornet stings you!
You die...

#####... #...... #.#...[
#.#.#.# # ##.#.#.# #.
##..#.#.#### ###
#.##.y........#
##.###.#...@....#
.........h.#.###
#.###.c..........
.######.#####Y##.#.####.#
..........# #.##.(.>.##.#
######.#.# #.##.#.#.....
#....#.# #.##(.........# ...
####.####.###Y##.#.#..#
..###..#
......................###..#..#


You could see a hornet, a sky beast, a centaur and a jackal.

Vanquished Creatures
  Pikel (D:4)
  A water moccasin (D:5)
  Purgy (D:3)
  An ogre (D:5)
  Blork the orc (D:4)
  A bullfrog (D:6)
  A water moccasin skeleton (D:5)
  A bullfrog skeleton (D:4)
  A gnoll shaman (D:6)
  An orc priest (D:4)
  Natasha (D:1)
  An iguana (D:5)
  6 worker ants
  A hound zombie (D:7)
  A hound skeleton (D:5)
  A howler monkey zombie (D:5)
  Robin (D:4)
  11 gnolls
  6 adders
  An adder zombie (D:5)
  An adder skeleton (D:7)
  5 worms
  4 dart slugs
  3 leopard geckos
  8 orcs
  5 bats
  3 giant cockroaches
  15 goblins
  12 hobgoblins
  14 jackals
  A quokka (D:2)
  3 ball pythons
  5 frilled lizards
  3 kobolds
  A leopard gecko zombie (D:5)
  6 rats
129 creatures vanquished.

Notes
Turn   | Place    | Note
-------+----------+-------------------------------------------
     0 | D:1      | nicanaca0 the Human Hedge Wizard began the quest for the
                  | Orb.
     0 | D:1      | Reached XP level 1. HP: 13/13 MP: 4/4
   274 | D:1      | Reached XP level 2. HP: 19/19 MP: 1/6
   316 | D:1      | Reached skill level 2 in Conjurations
   704 | D:1      | Reached XP level 3. HP: 24/24 MP: 5/7
  1775 | D:2      | Learned a level 3 spell: Mephitic Cloud
  1924 | D:2      | Noticed Natasha
  1950 | D:1      | Killed Natasha
  1950 | D:1      | Reached skill level 3 in Conjurations
  1950 | D:1      | Reached skill level 1 in Poison Magic
  1950 | D:1      | Reached XP level 4. HP: 21/30 MP: 1/9
  2146 | D:2      | Found a glowing golden altar of the Shining One.
  2431 | D:2      | Found a bloodstained altar of Trog.
  2431 | D:2      | Found a shimmering altar of Xom.
  2432 | D:2      | Found a blossoming altar of Fedhas.
  2432 | D:2      | Found an iron altar of Okawaru.
  2487 | D:2      | Found a basalt altar of Yredelemnul.
  2493 | D:2      | Found an ornate altar of the Wu Jian Council.
  3250 | D:3      | Reached XP level 5. HP: 35/35 MP: 5/10
  3254 | D:3      | Learned a level 2 spell: Blink
  3342 | D:3      | Noticed Purgy
  4357 | D:3      | Killed Purgy
  4357 | D:3      | Reached skill level 1 in Air Magic
  4357 | D:3      | Reached XP level 6. HP: 37/41 MP: 7/11
  4453 | D:3      | Noticed an air elemental
  4474 | D:3      | Found a stormy altar of Qazlal.
  4476 | D:3      | Noticed a water elemental
  4476 | D:3      | Noticed a fire elemental
  4708 | D:4      | Reached skill level 4 in Conjurations
  5120 | D:4      | Noticed Pikel
  5131 | D:4      | Killed Pikel
  5131 | D:4      | Reached skill level 5 in Conjurations
  5131 | D:4      | Reached XP level 7. HP: 21/46 MP: 2/13
  5131 | D:4      | Reached XP level 8. HP: 24/52 MP: 2/14
  5416 | D:4      | Noticed Blork the orc
  5434 | D:4      | Killed Blork the orc
  5518 | D:4      | Noticed Edmund
  6093 | D:4      | Noticed Robin
  6100 | D:4      | Killed Robin
  6415 | D:5      | Entered Level 5 of the Dungeon
  6912 | D:5      | Got a crude lead ring
  6959 | D:5      | Reached skill level 5 in Poison Magic
  7030 | D:5      | Learned a level 2 spell: Slow
  7443 | D:5      | Found a staircase to the Ecumenical Temple.
  7452 | Temple   | Entered the Ecumenical Temple
  7659 | D:5      | Reached skill level 6 in Conjurations
  8016 | D:6      | Reached skill level 5 in Spellcasting
  8135 | D:6      | Reached XP level 9. HP: 57/57 MP: 1/16
  8525 | D:6      | Found a hazy altar of Hepliaklqana.
  8987 | D:7      | Identified the ring "Fuydenisch" {rC+ Int+6 Slay+2} (You
                  | found it on level 5 of the Dungeon)
  9142 | D:7      | Found a shadowy altar of Dithmenos.
  9154 | D:7      | Noticed a hornet
  9166 | D:7      | Paralysed by a hornet for 1 turns
  9179 | D:7      | Paralysed by a hornet for 1 turns
  9209 | D:7      | Slain by a hornet

Illustrated notes

Levels and vault maps discovered:
D:1:      nzn_arrival_water_spiral, layout_basic
D:2:      layout_basic, nicolae_tso_swordbearing_angel,
          chequers_temple_overflow_statue_of_worship,
          grunt_temple_overflow_open, uniq_natasha
D:3:      layout_loops_ring, nicolae_qazlal_style_of_elements, uniq_purgy
D:4:      layout_basic, minmay_misc_feat_doors, uniq_pikel, uniq_blork_the_orc,
          uniq_edmund, uniq_robin
D:5:      layout_basic, minmay_temple_entry_drinking_statues
D:6:      layout_basic, overflow_temple_1_default
D:7:      layout_loops_ring, nicolae_dithmenos_shadow_blocks,
          kennysheep_opposing_triangles
Temple:   dshaligram_water_room_temple

Skill      XL: |  1  2  3  4  5  6  7  8 |
---------------+-------------------------+-----
Conjurations   | 2 3 5 6 |  6.3
Poison Magic   | 1 2 4 5 |  5.0
Air Magic      | 1 2 3 |  3.9
Spellcasting   | 4 5 |  5.2
Translocations | 2 |  2.3
Dodging        | |  2.0
Stealth        | |  2.0
Summonings     | |  1.0

Action                   |  1- 3 |  4- 6 |  7- 9 || total
-------------------------+-------+-------+-------++-------
Melee: Dagger            |    49 |     4 |       ||    53
       Whip              |       |    38 |    66 ||   104
Throw: Dart              |       |       |     6 ||     6
 Cast: Magic Dart        |   106 |   130 |   145 ||   381
       Mephitic Cloud    |       |     4 |    11 ||    15
       Blink             |       |       |     6 ||     6
       Slow              |       |       |     3 ||     3
Evoke: Wand              |       |       |     2 ||     2
  Use: Scroll            |       |     7 |     7 ||    14
       Potion            |       |     1 |     3 ||     4
 Stab: Confused          |       |     2 |       ||     2
Armor: Robe              |    17 |    20 |    29 ||    66
Dodge: Dodged            |    36 |    51 |   113 ||   200

Table legend: (Time is in decaauts)
 A = Elapsed time spent in this place.
 B = Non-inter-level travel time spent in this place.
 C = Inter-level travel time spent in this place.
 D = Time resting spent in this place.
 E = Time spent auto-exploring this place.
 F = Levels seen in this place.
 G = Mean time per level.
                   A        B        C        D        E       F      G
               +--------+--------+--------+--------+--------+-----+--------+
         Total |   9220 |   8927 |    293 |   2066 |   5316 |   8 | 1152.5 |
       Dungeon |   9102 |   8858 |    244 |   2066 |   5248 |   7 | 1300.3 |
        Temple |    117 |     68 |     49 |      0 |     68 |   1 |  117.0 |
               +--------+--------+--------+--------+--------+-----+--------+

Top non-repeatable levels by time:
     D:1: 1879 daAuts
     D:4: 1851 daAuts
     D:2: 1797 daAuts
     D:3: 1311 daAuts
     D:6: 1030 daAuts
     D:5: 1005 daAuts
     D:7: 226 daAuts
  Temple: 117 daAuts
